 Dungeon Sprint DCSS version 0.31-a0-931-g7b59d4eb97 (webtiles) character file.

Game seed: 14511167169755103811

365 sircluck the Grappler (level 6, -6/71 HPs)
             Began as a Troll Berserker on Oct 19, 2023.
             Was a High Priest of Trog.
             Mangled by a warg (14 damage)
             ... in the Dungeon (Sprint VII: "The Pits").
             The game lasted 00:01:47 (304 turns).

sircluck the Grappler (Troll Berserker)              Turns: 304, Time: 00:01:48

Health: -6/71      AC:  4    Str: 28    XL:     6   Next: 40%
Magic:  5/5        EV: 11    Int:  3    God:    Trog [*****.]
Gold:   0          SH:  0    Dex:  9    Spells: 5/5 levels left

rFire   . .          .
                       - Unarmed
rCold   . . .        (no shield)
rNeg    . . .        a - +0 animal skin
rPois   .            (helmet restricted)
rElec   .            (no cloak)
rCorr   .            (gloves unavailable)
SInv    .            (boots unavailable)
Will    .....        (no amulet)
Stlth   +            (no ring)
HPRegen 1.11/turn    (no ring)
MPRegen 0.09/turn

%: no teleportation
@: no status effects
A: large, unfitting armour, claws 3, regeneration 1, shaggy fur 1, tough skin 1
a: Renounce Religion, Berserk, Trog's Hand, Brothers in Arms


You were in the Dungeon.
You worshipped Trog.
Trog was extremely pleased with you.
You visited 1 branch

Inventory:

Armour
 a - a +0 animal skin (worn)
Scrolls
 g - a scroll of blinking
 i - 2 scrolls of vulnerability
 j - a scroll of summoning
Potions
 b - 6 potions of curing
 c - 6 potions of heal wounds
 d - a potion of haste
 e - 4 potions of magic
 f - 3 potions of berserk rage
 h - 2 potions of invisibility


   Skills:
 + Level 7.2 Fighting
 + Level 7.1 Dodging
 + Level 8.5 Unarmed Combat


You had 5 spell levels left.
You didn't know any spells.
Your spell library was empty.

Dungeon Overview and Level Annotations

Branches:
Dungeon (1/1)

Altars:
Ashenzari
Cheibriados
Dithmenos
Elyvilon
Fedhas
Gozag
Hepliaklqana
Kikubaaqudgha
Makhleb
Nemelex Xobeh
Okawaru
Qazlal
Ru
Sif Muna
Trog
Uskayaw
Vehumet
Wu Jian
Xom
Yredelemnul
Zin
The Shining One
Jiyva
Lugonu


Innate Abilities, Weirdness & Mutations

You are too large for most types of armour.
You have claws for hands.
Your natural rate of healing is unusually fast.
You are covered in fur. (AC +1)
You have tough skin. (AC +1)


Message History

The warg howls!
You scratch the warg but do no damage. Your claw misses the warg.
The warg bites you. The warg bites you!
You scratch the warg.
The warg is lightly wounded.
The warg bites you.
You scratch the warg but do no damage.
The warg is lightly wounded.
The warg barely misses you.
You scratch the warg.
The warg is moderately wounded.
The warg barely misses you.
You claw the warg!
The warg is severely wounded.
The warg bites you!
You scratch the warg but do no damage.
The warg is severely wounded.
The warg bites you!
You are too injured to fight recklessly!
You are too injured to fight recklessly!
You are too injured to fight recklessly!
You are too injured to fight recklessly!
You are too injured to fight recklessly!
You are too injured to fight recklessly!
You scratch the warg.
The warg is almost dead.
The warg bites you.
You completely miss the warg.
The warg is almost dead.
The warg bites you!
* * * LOW HITPOINT WARNING * * *
You scratch the warg but do no damage.
The warg is almost dead.
The warg bites you but does no damage.
You barely miss the warg.
The warg is almost dead.
The warg bites you.
* * * LOW HITPOINT WARNING * * *
The warg bites you!
You die...

#.#........##.......#
#.#........##.......#
#'###########.......#
#..#.#.## #########
#..)....# ##.#)#.##
#.......# ##.#.#.##
#......@# ##.#.#..h.#
##########


You could see a warg.

Vanquished Creatures
  A fire bat (D)
  A black bear (D)
  A gnoll bouda (D)
  Terence (D)
  5 gnolls (D)
  A river rat (D)
  An ufetubus (D)
  An adder skeleton (D)
  A worm (D)
  An orc (D)
  A giant cockroach (D)
  3 jackals (D)
  A ball python (D)
  2 bats (D)
  A goblin (D)
22 creatures vanquished.

Notes
Turn   | Place    | Note
-------+----------+-------------------------------------------
     0 | D        | sircluck the Troll Berserker began the quest for the Orb.
     0 | D        | Reached XP level 1. HP: 22/22 MP: 0/0
    24 | D        | Found a bloodstained altar of Trog.
    24 | D        | Found a shimmering blue altar of Sif Muna.
    24 | D        | Found a viscous altar of Jiyva.
    24 | D        | Found a hazy altar of Hepliaklqana.
    24 | D        | Found an opulent altar of Gozag.
    25 | D        | Found a glowing golden altar of the Shining One.
    25 | D        | Found a glowing silver altar of Zin.
    25 | D        | Found a basalt altar of Yredelemnul.
    25 | D        | Found a shimmering altar of Xom.
    25 | D        | Found an ornate altar of the Wu Jian Council.
    25 | D        | Found a sacrificial altar of Ru.
    25 | D        | Found a stormy altar of Qazlal.
    25 | D        | Found an iron altar of Okawaru.
    25 | D        | Found a sparkling altar of Nemelex Xobeh.
    25 | D        | Found a burning altar of Makhleb.
    25 | D        | Found a blossoming altar of Fedhas.
    25 | D        | Found a white marble altar of Elyvilon.
    25 | D        | Found a shadowy altar of Dithmenos.
    25 | D        | Found a snail-covered altar of Cheibriados.
    27 | D        | Found a radiant altar of Vehumet.
    27 | D        | Found a corrupted altar of Lugonu.
    28 | D        | Found a hide-covered altar of Uskayaw.
    28 | D        | Found an ancient bone altar of Kikubaaqudgha.
    28 | D        | Found a broken altar of Ashenzari.
    70 | D        | Reached ** piety under Trog
    71 | D        | Reached skill level 4 in Unarmed Combat
    71 | D        | Reached XP level 2. HP: 25/31 MP: 1/1
    99 | D        | Reached *** piety under Trog
   114 | D        | Reached **** piety under Trog
   163 | D        | Noticed a black bear
   171 | D        | Reached XP level 3. HP: 30/39 MP: 2/2
   175 | D        | Reached skill level 5 in Unarmed Combat
   176 | D        | Noticed a fire bat
   191 | D        | Reached ***** piety under Trog
   192 | D        | Reached XP level 4. HP: 22/49 MP: 3/3
   200 | D        | Reached skill level 5 in Fighting
   200 | D        | Reached skill level 5 in Dodging
   200 | D        | Reached skill level 6 in Unarmed Combat
   206 | D        | Noticed Terence
   249 | D        | Killed a fire bat
   249 | D        | Received a gift from Trog
   250 | D        | Reached skill level 7 in Unarmed Combat
   250 | D        | Reached XP level 5. HP: 45/61 MP: 4/4
   250 | D        | Killed a black bear
   251 | D        | Reached skill level 8 in Unarmed Combat
   251 | D        | Reached XP level 6. HP: 49/71 MP: 5/5
   253 | D        | Killed Terence
   294 | D        | Noticed a warg
   304 | D        | Mangled by a warg

Illustrated notes

Levels and vault maps discovered:
D:        pitsprint [storerooms_1, entrance_room_1, metal_vault_1, armoury_3,
          mini_pit_1, grid_room_1, main_hall_1, silver_pit, the_coven_3,
          the_vestibule_1, steel_vault_2, golden_pit, hallway_of_sentries,
          crystal_vault_3, iron_vault_4, final_vault]

Skill      XL: |  1  2  3  4  5  6 |
---------------+-------------------+-----
Fighting       | 3 4 6 7 |  7.2
Dodging        | 3 4 6 7 |  7.1
Unarmed Combat | 4 5 7 8 |  8.5

Action                     |  1- 3 |  4- 6 || total
---------------------------+-------+-------++-------
  Melee: Unarmed           |    59 |    30 ||    89
         Punch             |       |     2 ||     2
 Invoke: Berserk           |       |     1 ||     1
   Stab: Sleeping          |     1 |       ||     1
 Armour: Animal skin       |    40 |    30 ||    70
  Dodge: Dodged            |    31 |    16 ||    47

Table legend: (Time is in decaauts)
 A = Elapsed time spent in this place.
 B = Non-inter-level travel time spent in this place.
 C = Inter-level travel time spent in this place.
 D = Time resting spent in this place.
 E = Time spent auto-exploring this place.
 F = Levels seen in this place.
 G = Mean time per level.
                   A        B        C        D        E       F      G
               +--------+--------+--------+--------+--------+-----+--------+
         Total |    303 |    303 |      0 |     68 |     81 |   1 |  303.0 |
       Dungeon |    303 |    303 |      0 |     68 |     81 |   1 |  303.0 |
               +--------+--------+--------+--------+--------+-----+--------+

Top non-repeatable levels by time:
       D: 303 daAuts
